 Dungeon Crawl Stone Soup version 0.12.3 (webtiles) character file.

170 Chiseanne the Chopper (level 3, -1/19 HPs)
             Began as a Tengu Chaos Knight on Sept 28, 2013.
             Was a Plaything of Xom.
             Slain by a hobgoblin
             ... wielding a +0,+0 club
              (3 damage)
             ... on Level 2 of the Dungeon.
             The game lasted 00:05:48 (1296 turns).

Chiseanne the Chopper (Tengu Chaos Knight)          Turns: 1296, Time: 00:05:49

HP  -1/19        AC  6     Str 13      XL: 3   Next: 95%
MP   4/4         EV 11     Int 12      God: Xom
Gold 114         SH  0     Dex 13      Spells:  0 memorised,  2 levels left

Res.Fire  : . . .   See Invis. : .   k - plain deck of changes {drawn: 7}
Res.Cold  : . . .   Warding    : +   b - +3 leather armour
Life Prot.: + . .   Conserve   : .   (no shield)
Res.Poison: .       Res.Corr.  : .   (helmet restricted)
Res.Elec. : .       Clarity    : .   (no cloak)
Sust.Abil.: . .     Spirit.Shd : .   (no gloves)
Res.Mut.  : .       Stasis     : .   (boots unavailable)
Res.Rott. : .       Ctrl.Telep.: .   p - amulet of warding
Saprovore : . . .   Flight     : .   i - ring of regeneration
                                     (no ring)

@: liquid flames, glowing, not resistant to hostile enchantments, very
unstealthy
A: beak, talons 3, -10% hp
a: Renounce Religion


You were on level 2 of the Dungeon.
You worshipped Xom.
You were a toy of Xom.
You were not hungry.

You visited 1 branch of the dungeon, and saw 2 of its levels.

You collected 112 gold pieces.

Inventory:

Hand weapons
 a - a +2,+2 hand axe {=f}
Missiles
 f - 6 darts (quivered)
 o - 3 poisoned needles
Armour
 b - a +3 leather armour (worn)
Comestibles
 c - 2 bread rations
 d - 2 apples
 j - a choko
 l - a pear
 q - a meat ration
Scrolls
 e - a scroll of remove curse
 h - 2 scrolls of identify
 m - a scroll of random uselessness {unknown}
Jewellery
 i - a ring of regeneration (right hand)
 p - an amulet of warding (around neck)
Miscellaneous
 k - a plain deck of changes {drawn: 7} (in hand)


   Skills:
 * Level 3.8 Fighting
 * Level 3.8 Axes
 * Level 0.7 Throwing
 * Level 2.4 Armour
 * Level 1.5 Dodging
 * Level 0.4 Evocations


You had 2 spell levels left.
You didn't know any spells.

Dungeon Overview and Level Annotations

Branches:
Dungeon (2/27)

Altars:
Nemelex Xobeh
Lugonu

Annotations
D:2 Sigmund


Innate Abilities, Weirdness & Mutations

You have a beak for a mouth.
You have claws for feet.
You are frail (-10% HP).


Message History

You now have 114 gold pieces (gained 6).
The hobgoblin hits you but does no damage.
Oh no!
You have blundered into a Zot trap!
You are covered in liquid flames!
You are covered in liquid flames!
One of your 2 scrolls of remove curse catches fire!
Your scroll of enchant armour catches fire!
There is a Zot trap here.
You are covered in liquid flames!
The hobgoblin hits you but does no damage.
There is a stone staircase leading up here.
You are covered in liquid flames!
One of your 3 scrolls of identify catches fire!
Your scroll labeled OCWEM ALIELAPT catches fire!
* * * LOW HITPOINT WARNING * * *
The goblin hits you with an orcish dagger.
* * * LOW HITPOINT WARNING * * *
The hobgoblin hits you with a club.
You die... "I guess I need a new plaything now."

.........#.#.#...#...#.##......#
.....#.###.# #...#...#.#######.#
...........# ....#...#.# #.#
...#.......#####.#...#.# #.#
##g#...........#.......# ##.##
#.#....##.#...#..##.########...#
#g#....##.#...#..............###
#.#.....#.#...#....#######.#.#
#.#.....#.#..Kg@.............#
#.#...........g^.....#####.#.#
#.#.....#......^......# #.###
#.#...................# #.#
#.#$...............##.# #.#
#....)..#########.....# #<#
#...#...# ######### ###
#.#####.# #.._g{..#


You could see a hobgoblin, a goblin and a kobold.

Vanquished Creatures
  Ijyb (D:2)
  A giant mite (D:1)
  A worm (D:2)
  A giant gecko (D:1)
  An ooze (D:1)
  3 bats (D:1)
  5 hobgoblins (D:1)
  A giant cockroach (D:1)
  4 goblins
  2 kobolds (D:2)
  6 rats
26 creatures vanquished.

Vanquished Creatures (others)
  A hobgoblin (D:2)
  A kobold (D:1)
2 creatures vanquished.

Grand Total: 28 creatures vanquished

Notes
Turn   | Place    | Note
--------------------------------------------------------------
     0 | D:1      | Chiseanne, the Tengu Chaos Knight, began the quest for the Orb.
     0 | D:1      | Reached XP level 1. HP: 12/12 MP: 1/1
    39 | D:1      | Reached XP level 2. HP: 14/17 MP: 3/3
    50 | D:1      | XOM: divination: detect items
   621 | D:1      | XOM: miscast effect
   632 | D:1      | XOM: enchant monster (bad)
   634 | D:1      | XOM: noise
   635 | D:1      | XOM: confuse monster(s)
   643 | D:1      | Reached XP level 3. HP: 22/22 MP: 4/4
   711 | D:1      | XOM: miscast effect
   756 | D:1      | XOM: miscast effect
   823 | D:2      | XOM: miscast effect
   852 | D:2      | Found a sparkling altar of Nemelex Xobeh.
   897 | D:2      | Noticed Ijyb
   909 | D:2      | Killed Ijyb
  1231 | D:2      | Noticed Sigmund
  1237 | D:2      | XOM: potion effect (heal wounds)
  1244 | D:2      | Gained mutation: You are frail (-10% HP). [helix card]
  1296 | D:2      | Slain by a hobgoblin

Action                   || total
-------------------------++-------
Melee: Hand axe          ||    62
Evoke: Deck              ||     7
  Use: Scroll            ||     4
       Potion            ||     2
